[ PARTIDA AOE2 · #486044252 ]
Team RMVietnamitas vs Gurjaras
[ ANÁLISIS DE REPETICIÓN · EXTRAÍDO DE LA PARTIDA GRABADA ]
Feudal
13:44
Castillos
33:36
Imperial
—
| APM promedio | 18.7 |
| APM pico | 53 |
| eAPM promedio | 10.1 |
| Aldeanos / militares | 65 / 84 |
Foco
⚔️ 20.5% · 🌾 79.5%
Rattan Archer ×23 · Militia ×22 · Archer ×18 · Spearman ×14 · Fishing Ship ×7 · Demolition Raft ×7
Feudal
13:27
Castillos
28:00
Imperial
—
| APM promedio | 9.4 |
| APM pico | 57 |
| eAPM promedio | 6.0 |
| Aldeanos / militares | 31 / 8 |
Foco
⚔️ 25.6% · 🌾 74.4%
Spearman ×5 · Chakram Thrower ×2 · Monk ×1
Feudal
16:39
Castillos
20:37
Imperial
—
| APM promedio | 17.0 |
| APM pico | 44 |
| eAPM promedio | 11.0 |
| Aldeanos / militares | 93 / 33 |
Foco
⚔️ 18.8% · 🌾 81.2%
Knight ×32 · Fishing Ship ×5 · Monk ×1
Feudal
—
Castillos
—
Imperial
—
| APM promedio | 0.8 |
| APM pico | 29 |
| eAPM promedio | 0.1 |
| Aldeanos / militares | 0 / 0 |
Foco
⚔️ 0.0% · 🌾 100.0%
Feudal
—
Castillos
—
Imperial
—
| APM promedio | 0.5 |
| APM pico | 14 |
| eAPM promedio | 0.2 |
| Aldeanos / militares | 0 / 0 |
Foco
⚔️ 0.0% · 🌾 100.0%
Feudal
10:09
Castillos
23:50
Imperial
45:49
| APM promedio | 33.0 |
| APM pico | 79 |
| eAPM promedio | 14.1 |
| Aldeanos / militares | 59 / 145 |
Foco
⚔️ 34.2% · 🌾 65.8%
Scout Cavalry ×57 · Knight ×49 · Scorpion ×18 · Battering Ram ×8 · Archer ×5 · Monk ×3
Feudal
13:20
Castillos
26:15
Imperial
—
| APM promedio | 20.0 |
| APM pico | 73 |
| eAPM promedio | 14.6 |
| Aldeanos / militares | 106 / 141 |
Foco
⚔️ 23.0% · 🌾 77.0%
Flemish Militia ×119 · Coustillier ×11 · Battering Ram ×6 · Fishing Ship ×5 · Knight ×4 · Monk ×1
Feudal
—
Castillos
—
Imperial
—
| APM promedio | 0.1 |
| APM pico | 2 |
| eAPM promedio | 0.1 |
| Aldeanos / militares | 0 / 0 |
Mapa de la partida
Recursos iniciales + cada clic de construcción. Líneas = muros · curvas = relieve. ◆ oro · ⬟ piedra · ● bayas · ✦ reliquia · ◌ hueco del cierre
Tu base· Abierta — flanco sin cerrar
Base de Dr. Hardcore· Abierta — flanco sin cerrar
Base de 帝国斜阳· Abierta — hueco de 5t
Base de 游戏大王· Abierta — hueco de 12t
Base de ttexit0· Abierta — flanco sin cerrar
Base de frod· Abierta — hueco de 9t
Base de Rolond· Abierta — hueco de 2t
Base de 粮草征收人· Abierta — flanco sin cerrar
Terreno inicial suavizado · ◌ = hueco del cierre detectado · pasá el cursor para detalles
Inputs por minuto
— 丁聿昕 - - Dr. Hardcore
Build order — 丁聿昕
Primeras 150 de 157 acciones detectadas
| 1:29 | Construir | Town Center |
| 3:25 | Construir | House |
| 3:53 | Crear | Villager (Male) |
| 3:53 | Crear | Villager (Male) |
| 3:53 | Crear | Villager (Male) |
| 3:53 | Crear | Villager (Male) |
| 3:54 | Crear | Villager (Male) |
| 5:05 | Crear | Villager (Male) |
| 5:05 | Crear | Villager (Male) |
| 5:19 | Construir | House |
| 5:23 | Construir | House |
| 5:43 | Crear | Villager (Male) |
| 5:43 | Crear | Villager (Male) |
| 6:16 | Crear | Villager (Male) |
| 6:16 | Crear | Villager (Male) |
| 6:16 | Crear | Villager (Male) |
| 6:44 | Crear | Villager (Male) |
| 6:45 | Crear | Villager (Male) |
| 7:10 | Construir | Dock |
| 7:14 | Crear | Villager (Male) |
| 7:14 | Crear | Villager (Male) |
| 7:41 | Crear | Villager (Male) |
| 7:42 | Crear | Villager (Male) |
| 7:42 | Crear | Villager (Male) |
| 7:50 | Construir | Lumber Camp |
| 8:08 | Crear | Villager (Male) |
| 8:08 | Crear | Villager (Male) |
| 8:19 | Construir | House |
| 9:11 | Crear | Villager (Male) |
| 9:11 | Crear | Villager (Male) |
| 9:12 | Crear | Villager (Male) |
| 9:12 | Crear | Villager (Male) |
| 9:12 | Crear | Villager (Male) |
| 9:17 | Crear | Fishing Ship |
| 9:18 | Crear | Fishing Ship |
| 9:18 | Crear | Fishing Ship |
| 10:07 | Crear | Villager (Male) |
| 10:43 | Investigar | Loom |
| 11:32 | Investigar | Feudal Age |
| 11:43 | Construir | Barracks |
| 12:29 | Construir | House |
| 12:32 | Construir | House |
| 12:41 | Crear | Villager (Male) ×3 |
| 12:41 | Crear | Villager (Male) ×3 |
| 12:46 | Crear | Fishing Ship |
| 12:46 | Crear | Fishing Ship |
| 12:46 | Crear | Fishing Ship |
| 13:14 | Crear | Fishing Ship |
| 13:44 | Edad | Edad Feudal |
| 14:14 | Construir | Blacksmith |
| 14:32 | Crear | Demolition Raft |
| 14:48 | Investigar | Man-at-Arms (upgrade) |
| 14:59 | Construir | Mill |
| 15:36 | Crear | Militia ×5 |
| 16:14 | Construir | Market |
| 16:55 | Crear | Militia ×5 |
| 16:59 | Construir | Archery Range |
| 17:05 | Construir | House |
| 17:07 | Construir | House |
| 17:09 | Investigar | Forging |
| 17:14 | Crear | Militia ×4 |
| 17:45 | Investigar | Scale Mail Armor |
| 17:50 | Crear | Archer ×2 |
| 18:09 | Investigar | Fletching |
| 18:40 | Investigar | Padded Archer Armor |
| 18:43 | Crear | Archer ×2 |
| 18:43 | Crear | Archer ×2 |
| 19:12 | Crear | Militia |
| 19:33 | Crear | Militia |
| 19:58 | Crear | Archer ×3 |
| 20:29 | Crear | Archer ×2 |
| 20:30 | Crear | Archer ×2 |
| 20:34 | Crear | Militia |
| 21:00 | Construir | House |
| 21:01 | Construir | House |
| 21:01 | Construir | House |
| 21:02 | Construir | House |
| 21:29 | Construir | Farm |
| 21:32 | Crear | Villager (Male) |
| 21:32 | Crear | Villager (Male) |
| 21:32 | Crear | Villager (Male) |
| 21:48 | Construir | Mining Camp |
| 23:26 | Construir | Lumber Camp |
| 23:32 | Construir | Farm |
| 23:33 | Construir | Farm |
| 23:34 | Construir | Farm |
| 23:36 | Construir | Farm |
| 24:35 | Crear | Demolition Raft ×3 |
| 24:35 | Crear | Demolition Raft ×3 |
| 25:06 | Crear | Militia ×5 |
| 25:15 | Construir | Mill |
| 25:52 | Construir | Farm |
| 25:56 | Investigar | Horse Collar |
| 25:58 | Investigar | Double-Bit Axe |
| 26:52 | Construir | Farm |
| 26:55 | Construir | Farm |
| 27:20 | Crear | Archer ×5 |
| 27:34 | Construir | Farm |
| 30:56 | Investigar | Castle Age |
| 31:55 | Construir | Mining Camp |
| 32:28 | Investigar | Gold Mining |
| 33:36 | Edad | Edad de los Castillos |
| 33:40 | Construir | Mining Camp |
| 33:56 | Investigar | Long Swordsman (upgrade) |
| 34:25 | Construir | Castle |
| 34:58 | Construir | Town Center |
| 35:31 | Crear | Rattan Archer |
| 35:41 | Construir | Mining Camp |
| 36:51 | Crear | Villager (Male) ×5 |
| 36:58 | Crear | Villager (Male) ×5 |
| 37:01 | Investigar | Bodkin Arrow |
| 37:18 | Crear | Rattan Archer ×2 |
| 37:47 | Investigar | Leather Archer Armor |
| 38:06 | Crear | Rattan Archer ×2 |
| 38:07 | Crear | Rattan Archer ×2 |
| 38:31 | Investigar | Pikeman (upgrade) |
| 38:35 | Investigar | Chain Mail Armor |
| 38:42 | Crear | Spearman ×5 |
| 39:00 | Crear | Rattan Archer ×4 |
| 39:00 | Crear | Rattan Archer ×4 |
| 39:06 | Investigar | Wheelbarrow |
| 39:07 | Crear | Villager (Male) ×5 |
| 39:09 | Crear | Villager (Male) ×5 |
| 39:43 | Construir | Lumber Camp |
| 39:50 | Investigar | Hand Cart |
| 39:52 | Crear | Villager (Male) |
| 39:53 | Crear | Villager (Male) |
| 40:44 | Crear | Rattan Archer ×2 |
| 41:13 | Crear | Rattan Archer ×3 |
| 41:29 | Construir | House |
| 41:32 | Construir | House |
| 41:33 | Crear | Villager (Male) ×5 |
| 41:40 | Investigar | Iron Casting |
| 41:45 | Crear | Spearman ×2 |
| 42:28 | Crear | Villager (Male) ×2 |
| 42:43 | Construir | House |
| 42:45 | Construir | House |
| 42:47 | Construir | House |
| 42:49 | Construir | House |
| 42:53 | Crear | Rattan Archer |
| 43:02 | Construir | House |
| 43:03 | Construir | House |
| 43:09 | Crear | Spearman ×4 |
| 43:24 | Crear | Rattan Archer ×2 |
| 44:10 | Crear | Spearman ×3 |
| 44:36 | Construir | House |
| 44:37 | Construir | House |
| 44:38 | Construir | House |
| 44:41 | Investigar | Bow Saw |
| 45:02 | Investigar | Arson |
Build order — Dr. Hardcore
81 acciones detectadas en el replay
| 0:17 | Construir | House |
| 0:24 | Construir | House |
| 1:52 | Construir | Town Center |
| 4:11 | Construir | Mill |
| 4:14 | Investigar | Loom |
| 4:14 | Crear | Villager (Male) |
| 4:14 | Crear | Villager (Male) |
| 4:15 | Crear | Villager (Male) |
| 4:15 | Crear | Villager (Male) |
| 4:15 | Crear | Villager (Male) |
| 5:40 | Crear | Villager (Male) |
| 5:45 | Construir | House |
| 6:24 | Crear | Villager (Male) |
| 6:25 | Crear | Villager (Male) |
| 6:32 | Crear | Villager (Male) |
| 6:56 | Crear | Villager (Male) |
| 7:23 | Construir | Mining Camp |
| 7:32 | Crear | Villager (Male) |
| 7:46 | Crear | Villager (Male) |
| 8:19 | Crear | Villager (Male) |
| 8:49 | Construir | Mill |
| 9:00 | Crear | Villager (Male) |
| 10:06 | Construir | House |
| 11:17 | Investigar | Feudal Age |
| 11:18 | Investigar | Feudal Age |
| 11:23 | Construir | Mill |
| 12:46 | Crear | Villager (Male) |
| 13:16 | Construir | Mill |
| 13:27 | Edad | Edad Feudal |
| 13:47 | Construir | Mill |
| 14:41 | Construir | Barracks |
| 15:36 | Construir | House |
| 15:40 | Crear | Spearman |
| 15:40 | Crear | Spearman |
| 16:14 | Crear | Spearman |
| 16:17 | Crear | Villager (Male) |
| 18:15 | Construir | Blacksmith |
| 19:48 | Investigar | Fletching |
| 20:01 | Construir | Lumber Camp |
| 21:42 | Construir | Archery Range |
| 22:21 | Crear | Spearman |
| 22:21 | Crear | Spearman |
| 23:27 | Construir | Mining Camp |
| 24:28 | Construir | Lumber Camp |
| 25:20 | Investigar | Castle Age |
| 25:20 | Investigar | Castle Age |
| 26:43 | Construir | Mining Camp |
| 26:53 | Construir | House |
| 28:00 | Edad | Edad de los Castillos |
| 28:09 | Construir | Town Center |
| 29:13 | Crear | Villager (Male) |
| 29:13 | Crear | Villager (Male) |
| 29:13 | Crear | Villager (Male) |
| 29:46 | Construir | Mill |
| 29:54 | Crear | Villager (Male) |
| 29:54 | Crear | Villager (Male) |
| 30:01 | Crear | Villager (Male) |
| 30:33 | Construir | Mill |
| 31:25 | Crear | Villager (Male) |
| 31:49 | Construir | Mining Camp |
| 32:36 | Crear | Villager (Male) |
| 33:05 | Construir | Farm |
| 33:22 | Construir | Monastery |
| 33:51 | Crear | Villager (Male) |
| 34:12 | Crear | Monk |
| 34:21 | Construir | Farm |
| 34:38 | Construir | Castle |
| 35:12 | Crear | Villager (Male) |
| 35:12 | Crear | Villager (Male) |
| 35:42 | Construir | Farm |
| 36:02 | Crear | Villager (Male) |
| 36:11 | Construir | Farm |
| 36:20 | Crear | Villager (Male) |
| 36:35 | Construir | Stone Wall |
| 36:38 | Construir | Gate |
| 36:41 | Crear | Villager (Male) |
| 36:58 | Construir | Farm |
| 37:05 | Crear | Villager (Male) |
| 37:27 | Construir | Farm |
| 37:29 | Crear | Chakram Thrower |
| 37:30 | Crear | Chakram Thrower |
Build order — 帝国斜阳
Primeras 150 de 206 acciones detectadas
| 2:03 | Construir | Town Center |
| 5:14 | Crear | Villager (Male) |
| 5:14 | Crear | Villager (Male) |
| 5:15 | Crear | Villager (Male) |
| 5:15 | Crear | Villager (Male) |
| 5:15 | Crear | Villager (Male) |
| 5:19 | Construir | House |
| 5:37 | Crear | Villager (Male) |
| 5:37 | Crear | Villager (Male) |
| 5:53 | Construir | House |
| 6:20 | Investigar | Loom |
| 6:27 | Crear | Villager (Male) |
| 6:28 | Crear | Villager (Male) |
| 7:36 | Crear | Villager (Male) |
| 7:36 | Crear | Villager (Male) |
| 7:53 | Crear | Villager (Male) |
| 7:54 | Crear | Villager (Male) |
| 8:10 | Construir | House |
| 8:43 | Crear | Villager (Male) |
| 9:10 | Crear | Villager (Male) |
| 9:32 | Crear | Villager (Male) |
| 10:00 | Construir | Mill |
| 10:11 | Crear | Villager (Male) |
| 10:12 | Crear | Villager (Male) |
| 10:33 | Construir | House |
| 10:56 | Crear | Villager (Male) |
| 11:05 | Construir | Lumber Camp |
| 11:07 | Crear | Villager (Male) |
| 11:30 | Construir | House |
| 11:35 | Crear | Villager (Male) |
| 12:18 | Crear | Villager (Male) |
| 13:06 | Crear | Villager (Male) |
| 13:18 | Construir | Farm |
| 13:21 | Construir | Farm |
| 13:22 | Crear | Villager (Male) |
| 13:29 | Construir | Farm |
| 13:49 | Construir | Farm |
| 13:57 | Crear | Villager (Male) |
| 14:26 | Investigar | Feudal Age |
| 14:27 | Crear | Villager (Male) |
| 15:27 | Construir | Farm |
| 15:57 | Construir | Dock |
| 16:36 | Construir | Barracks |
| 16:39 | Edad | Edad Feudal |
| 16:42 | Crear | Villager (Male) |
| 16:56 | Construir | Blacksmith |
| 17:15 | Crear | Villager (Male) |
| 17:18 | Construir | Stable |
| 17:36 | Crear | Fishing Ship |
| 17:41 | Construir | House |
| 17:58 | Investigar | Castle Age |
| 18:06 | Investigar | Bloodlines |
| 18:27 | Construir | House |
| 18:30 | Crear | Fishing Ship |
| 18:40 | Investigar | Double-Bit Axe |
| 19:04 | Crear | Fishing Ship |
| 19:25 | Investigar | Scale Barding Armor |
| 19:27 | Crear | Villager (Male) |
| 19:53 | Crear | Villager (Male) |
| 19:57 | Investigar | Town Watch |
| 20:37 | Edad | Edad de los Castillos |
| 20:43 | Construir | Town Center |
| 20:45 | Crear | Villager (Male) |
| 20:50 | Investigar | Horse Collar |
| 20:53 | Crear | Knight |
| 20:53 | Crear | Knight |
| 20:53 | Crear | Knight |
| 21:00 | Construir | Farm |
| 21:04 | Crear | Fishing Ship |
| 21:17 | Crear | Villager (Male) |
| 21:42 | Crear | Fishing Ship |
| 21:48 | Crear | Villager (Male) |
| 22:11 | Crear | Villager (Male) |
| 22:15 | Crear | Villager (Male) |
| 22:15 | Crear | Villager (Male) |
| 22:22 | Construir | Farm |
| 22:24 | Construir | Farm |
| 22:26 | Construir | Farm |
| 22:34 | Construir | Farm |
| 22:39 | Crear | Villager (Male) |
| 22:43 | Construir | Farm |
| 22:44 | Crear | Knight |
| 22:45 | Crear | Knight |
| 22:45 | Crear | Knight |
| 22:51 | Crear | Villager (Male) |
| 23:05 | Construir | House |
| 23:14 | Crear | Villager (Male) |
| 23:44 | Crear | Villager (Male) |
| 23:53 | Construir | House |
| 24:06 | Crear | Villager (Male) |
| 24:13 | Crear | Villager (Male) |
| 24:26 | Crear | Villager (Male) |
| 24:35 | Construir | House |
| 24:50 | Construir | Town Center |
| 24:56 | Construir | Farm |
| 25:00 | Crear | Villager (Male) |
| 25:03 | Investigar | Wheelbarrow |
| 25:04 | Investigar | Bow Saw |
| 25:32 | Crear | Knight |
| 25:32 | Crear | Knight |
| 25:32 | Crear | Knight |
| 25:35 | Crear | Villager (Male) |
| 25:37 | Construir | Farm |
| 25:39 | Construir | Farm |
| 25:43 | Investigar | Heavy Plow |
| 25:45 | Crear | Villager (Male) |
| 25:49 | Construir | House |
| 26:02 | Crear | Knight |
| 26:03 | Crear | Knight |
| 26:05 | Crear | Villager (Male) |
| 26:10 | Crear | Villager (Male) |
| 26:17 | Crear | Villager (Male) |
| 26:40 | Construir | Monastery |
| 26:48 | Crear | Villager (Male) |
| 26:49 | Crear | Villager (Male) |
| 26:53 | Crear | Villager (Male) |
| 26:54 | Crear | Villager (Male) |
| 27:15 | Crear | Villager (Male) |
| 27:51 | Crear | Villager (Male) |
| 27:56 | Investigar | Hand Cart |
| 27:57 | Crear | Villager (Male) |
| 28:01 | Crear | Monk |
| 28:05 | Crear | Villager (Male) |
| 28:08 | Construir | House |
| 28:10 | Crear | Villager (Male) |
| 28:13 | Crear | Villager (Male) |
| 28:16 | Construir | House |
| 28:17 | Construir | House |
| 28:17 | Construir | House |
| 28:20 | Construir | Farm |
| 28:20 | Construir | Farm |
| 28:21 | Crear | Villager (Male) |
| 28:24 | Construir | Farm |
| 28:34 | Crear | Villager (Male) |
| 28:35 | Crear | Villager (Male) |
| 28:49 | Crear | Knight |
| 28:49 | Crear | Knight |
| 28:50 | Crear | Knight |
| 29:05 | Crear | Villager (Male) |
| 29:09 | Construir | Farm |
| 29:10 | Construir | Farm |
| 29:23 | Construir | Lumber Camp |
| 29:27 | Crear | Villager (Male) |
| 29:33 | Construir | Farm |
| 29:34 | Construir | Farm |
| 29:35 | Crear | Villager (Male) |
| 29:36 | Crear | Villager (Male) |
| 29:50 | Crear | Villager (Male) |
| 30:18 | Crear | Villager (Male) |
| 30:20 | Investigar | Town Watch |
Build order — 游戏大王
1 acciones detectadas en el replay
| 0:53 | Construir | Town Center |
Build order — ttexit0
2 acciones detectadas en el replay
| 0:11 | Construir | Town Center |
| 1:39 | Construir | House |
Build order — frod
Primeras 150 de 247 acciones detectadas
| 0:37 | Construir | Town Center |
| 0:46 | Construir | House |
| 2:09 | Crear | Villager (Male) |
| 2:10 | Investigar | Loom |
| 2:11 | Crear | Villager (Male) |
| 2:11 | Crear | Villager (Male) |
| 2:11 | Crear | Villager (Male) |
| 2:11 | Crear | Villager (Male) |
| 3:28 | Construir | House |
| 3:30 | Construir | Lumber Camp |
| 3:44 | Crear | Villager (Male) |
| 3:44 | Crear | Villager (Male) |
| 3:55 | Construir | Lumber Camp |
| 4:31 | Crear | Villager (Male) |
| 5:09 | Crear | Villager (Male) |
| 5:09 | Crear | Villager (Male) |
| 5:09 | Crear | Villager (Male) |
| 5:33 | Construir | House |
| 6:06 | Crear | Villager (Male) |
| 6:07 | Crear | Villager (Male) |
| 6:07 | Crear | Villager (Male) |
| 6:07 | Crear | Villager (Male) |
| 6:57 | Construir | House |
| 7:32 | Construir | House |
| 7:49 | Investigar | Feudal Age |
| 8:18 | Crear | Villager (Male) |
| 10:09 | Edad | Edad Feudal |
| 10:11 | Construir | Stable |
| 10:16 | Investigar | Double-Bit Axe |
| 10:27 | Crear | Villager (Male) |
| 10:39 | Crear | Villager (Male) |
| 10:50 | Construir | House |
| 11:06 | Crear | Scout Cavalry |
| 11:07 | Crear | Scout Cavalry |
| 11:07 | Crear | Scout Cavalry |
| 11:07 | Crear | Scout Cavalry |
| 11:14 | Crear | Villager (Male) |
| 11:40 | Crear | Villager (Male) |
| 11:57 | Construir | Mill |
| 12:01 | Crear | Villager (Male) |
| 12:06 | Investigar | Bloodlines |
| 12:25 | Crear | Villager (Male) |
| 12:33 | Construir | Lumber Camp |
| 12:42 | Crear | Villager (Male) |
| 13:00 | Crear | Villager (Male) |
| 13:21 | Crear | Villager (Male) |
| 13:26 | Investigar | Horse Collar |
| 14:09 | Construir | Archery Range |
| 14:14 | Construir | Farm |
| 14:15 | Crear | Villager (Male) |
| 14:26 | Construir | House |
| 14:28 | Construir | House |
| 14:39 | Crear | Villager (Male) |
| 14:43 | Construir | Farm |
| 15:05 | Crear | Villager (Male) |
| 15:11 | Construir | Farm |
| 15:18 | Crear | Villager (Male) |
| 15:21 | Crear | Archer |
| 15:21 | Crear | Archer |
| 15:54 | Crear | Villager (Male) |
| 15:57 | Construir | Farm |
| 16:41 | Crear | Villager (Male) |
| 16:48 | Construir | Farm |
| 16:53 | Construir | Farm |
| 16:54 | Construir | Farm |
| 16:55 | Construir | Farm |
| 16:57 | Construir | Farm |
| 16:58 | Construir | Farm |
| 17:02 | Construir | House |
| 17:03 | Construir | House |
| 17:04 | Construir | House |
| 17:11 | Crear | Archer |
| 17:12 | Crear | Archer |
| 17:32 | Construir | Blacksmith |
| 18:05 | Crear | Archer |
| 19:02 | Crear | Villager (Male) |
| 19:12 | Construir | Lumber Camp |
| 19:15 | Construir | House |
| 19:19 | Construir | House |
| 20:12 | Construir | Farm |
| 20:18 | Construir | Farm |
| 20:22 | Crear | Villager (Male) |
| 20:25 | Construir | Market |
| 21:10 | Investigar | Castle Age |
| 21:18 | Construir | House |
| 21:22 | Construir | House |
| 21:24 | Construir | House |
| 21:33 | Construir | Palisade Wall |
| 21:37 | Construir | Palisade Gate |
| 22:07 | Construir | Stable |
| 23:16 | Crear | Scout Cavalry ×5 |
| 23:22 | Construir | Farm |
| 23:30 | Crear | Villager (Male) |
| 23:50 | Edad | Edad de los Castillos |
| 23:54 | Construir | Castle |
| 23:57 | Construir | Town Center |
| 23:59 | Investigar | Light Cavalry (upgrade) |
| 24:01 | Investigar | Scale Barding Armor |
| 24:02 | Investigar | Forging |
| 24:02 | Investigar | Forging |
| 24:10 | Construir | House |
| 24:11 | Construir | House |
| 24:16 | Construir | Lumber Camp |
| 24:49 | Investigar | Chain Barding Armor |
| 24:49 | Investigar | Chain Barding Armor |
| 24:55 | Crear | Villager (Male) |
| 25:02 | Construir | Town Center |
| 25:39 | Construir | House |
| 25:45 | Crear | Knight ×2 |
| 25:50 | Crear | Scout Cavalry |
| 26:01 | Construir | Monastery |
| 26:11 | Crear | Knight |
| 26:11 | Crear | Knight |
| 26:37 | Crear | Villager (Male) |
| 26:37 | Crear | Villager (Male) |
| 26:54 | Crear | Monk |
| 26:56 | Crear | Knight ×2 |
| 26:56 | Crear | Knight ×2 |
| 26:59 | Construir | Farm |
| 27:29 | Construir | Town Center |
| 27:36 | Crear | Villager (Male) |
| 27:37 | Crear | Villager (Male) |
| 27:41 | Crear | Scout Cavalry |
| 27:42 | Crear | Scout Cavalry |
| 27:57 | Construir | Siege Workshop |
| 28:06 | Crear | Villager (Male) |
| 28:06 | Crear | Villager (Male) |
| 28:07 | Crear | Villager (Male) |
| 28:25 | Crear | Scout Cavalry |
| 28:32 | Crear | Villager (Male) |
| 28:32 | Crear | Villager (Male) |
| 28:41 | Construir | Farm |
| 28:44 | Crear | Villager (Male) |
| 28:54 | Construir | Farm |
| 29:14 | Crear | Mangonel |
| 29:14 | Crear | Mangonel |
| 29:14 | Crear | Mangonel |
| 29:25 | Crear | Battering Ram |
| 29:27 | Construir | Farm |
| 29:30 | Crear | Villager (Male) |
| 29:30 | Crear | Villager (Male) |
| 29:30 | Crear | Villager (Male) |
| 29:31 | Crear | Villager (Male) |
| 30:13 | Crear | Scout Cavalry ×2 |
| 30:13 | Crear | Scout Cavalry ×2 |
| 30:24 | Construir | Town Center |
| 31:26 | Crear | Knight ×5 |
| 31:26 | Crear | Knight ×5 |
| 31:26 | Crear | Knight |
| 31:43 | Construir | Mining Camp |
Build order — Rolond
Primeras 150 de 325 acciones detectadas
| 0:06 | Construir | House |
| 1:02 | Construir | Town Center |
| 1:20 | Construir | Dock |
| 3:34 | Crear | Villager (Male) |
| 3:34 | Crear | Villager (Male) |
| 3:34 | Crear | Villager (Male) |
| 3:34 | Crear | Villager (Male) |
| 3:35 | Crear | Villager (Male) |
| 4:36 | Crear | Villager (Male) |
| 5:15 | Crear | Villager (Male) |
| 5:15 | Crear | Villager (Male) |
| 5:24 | Construir | House |
| 6:40 | Construir | House |
| 7:12 | Crear | Villager (Male) |
| 7:32 | Crear | Villager (Male) |
| 7:39 | Construir | Lumber Camp |
| 7:49 | Crear | Villager (Male) |
| 8:21 | Crear | Villager (Male) |
| 8:30 | Crear | Fishing Ship |
| 8:39 | Construir | House |
| 8:49 | Crear | Villager (Male) |
| 9:10 | Crear | Villager (Male) |
| 9:31 | Construir | Mill |
| 9:39 | Crear | Villager (Male) |
| 9:57 | Crear | Fishing Ship |
| 10:16 | Construir | House |
| 10:18 | Crear | Villager (Male) |
| 10:20 | Investigar | Loom |
| 11:04 | Construir | Mining Camp |
| 11:10 | Investigar | Feudal Age |
| 11:10 | Investigar | Feudal Age |
| 11:26 | Crear | Villager (Male) |
| 11:49 | Investigar | Double-Bit Axe |
| 11:50 | Investigar | Double-Bit Axe |
| 11:52 | Investigar | Horse Collar |
| 11:53 | Investigar | Horse Collar |
| 12:02 | Crear | Fishing Ship |
| 13:04 | Construir | Outpost |
| 13:20 | Edad | Edad Feudal |
| 13:31 | Construir | Outpost |
| 13:48 | Crear | Villager (Male) |
| 13:50 | Crear | Villager (Male) |
| 14:00 | Construir | Outpost |
| 14:08 | Construir | Barracks |
| 14:12 | Crear | Villager (Male) |
| 14:23 | Construir | Lumber Camp |
| 14:41 | Construir | Outpost |
| 14:48 | Crear | Villager (Male) |
| 14:48 | Crear | Villager (Male) |
| 14:48 | Crear | Villager (Male) |
| 14:55 | Construir | House |
| 15:20 | Construir | Farm |
| 15:32 | Construir | House |
| 15:34 | Crear | Flemish Militia ×5 |
| 15:40 | Construir | Farm |
| 15:40 | Construir | Farm |
| 15:40 | Construir | Farm |
| 15:57 | Construir | House |
| 16:15 | Investigar | Gold Mining |
| 16:17 | Crear | Villager (Male) |
| 16:25 | Construir | House |
| 16:38 | Crear | Flemish Militia ×5 |
| 16:51 | Construir | House |
| 16:55 | Crear | Villager (Male) |
| 16:56 | Construir | Farm |
| 16:57 | Construir | Farm |
| 16:58 | Crear | Villager (Male) |
| 16:59 | Crear | Villager (Male) |
| 17:09 | Construir | Farm |
| 17:37 | Construir | Farm |
| 17:40 | Crear | Villager (Male) |
| 17:45 | Investigar | Bow Saw |
| 17:50 | Construir | House |
| 17:54 | Construir | Farm |
| 18:00 | Crear | Flemish Militia ×5 |
| 18:36 | Construir | Watch Tower |
| 18:49 | Construir | Mining Camp |
| 18:55 | Crear | Flemish Militia ×4 |
| 19:48 | Construir | Barracks |
| 19:58 | Construir | Market |
| 20:05 | Crear | Flemish Militia |
| 20:06 | Crear | Flemish Militia |
| 20:34 | Crear | Flemish Militia |
| 20:34 | Crear | Flemish Militia |
| 20:34 | Crear | Flemish Militia |
| 20:48 | Crear | Flemish Militia |
| 20:48 | Crear | Flemish Militia |
| 21:24 | Construir | Lumber Camp |
| 21:54 | Construir | House |
| 22:57 | Construir | Blacksmith |
| 23:00 | Construir | House |
| 23:10 | Crear | Villager (Male) |
| 23:18 | Construir | Lumber Camp |
| 23:29 | Investigar | Castle Age |
| 23:29 | Investigar | Castle Age |
| 23:39 | Construir | Farm |
| 23:48 | Investigar | Fletching |
| 23:54 | Construir | House |
| 24:28 | Construir | House |
| 24:39 | Investigar | Heavy Plow |
| 24:47 | Crear | Villager (Male) |
| 24:47 | Crear | Villager (Male) |
| 24:50 | Construir | House |
| 25:04 | Investigar | Scale Mail Armor |
| 25:22 | Construir | House |
| 25:52 | Crear | Fishing Ship |
| 25:57 | Construir | House |
| 26:02 | Investigar | Tech 906 |
| 26:03 | Crear | Fishing Ship |
| 26:15 | Edad | Edad de los Castillos |
| 26:19 | Investigar | Bodkin Arrow |
| 26:34 | Construir | Monastery |
| 26:39 | Construir | House |
| 26:48 | Crear | Villager (Male) |
| 26:48 | Crear | Villager (Male) |
| 26:49 | Crear | Villager (Male) |
| 26:49 | Crear | Villager (Male) |
| 26:56 | Investigar | Bodkin Arrow |
| 27:11 | Construir | House |
| 27:12 | Crear | Monk |
| 27:45 | Construir | Town Center |
| 27:51 | Construir | Farm |
| 28:14 | Construir | Farm |
| 28:15 | Construir | Farm |
| 28:16 | Crear | Villager (Male) |
| 28:34 | Construir | Stable |
| 29:24 | Crear | Villager (Male) |
| 29:25 | Crear | Villager (Male) |
| 29:25 | Crear | Villager (Male) |
| 29:25 | Crear | Villager (Male) |
| 29:25 | Crear | Villager (Male) |
| 29:25 | Crear | Villager (Male) |
| 29:26 | Crear | Villager (Male) |
| 29:41 | Crear | Villager (Male) |
| 29:42 | Crear | Villager (Male) |
| 29:42 | Crear | Villager (Male) |
| 29:42 | Crear | Villager (Male) |
| 29:42 | Crear | Villager (Male) |
| 29:43 | Crear | Villager (Male) |
| 29:46 | Construir | Farm |
| 29:47 | Construir | Farm |
| 29:47 | Construir | Farm |
| 29:47 | Construir | Farm |
| 29:47 | Construir | Farm |
| 29:48 | Construir | Farm |
| 29:48 | Construir | Farm |
| 29:48 | Construir | Farm |
| 29:48 | Construir | Farm |
| 29:49 | Construir | Farm |
| 30:41 | Crear | Villager (Male) |
Build order — 粮草征收人
0 acciones detectadas en el replay
Cronología de la partida
| 1:20 | Rolond · first_building Dock |
| 2:06 | 粮草征收人 · resign |
| 7:10 | 丁聿昕 · first_building Dock |
| 10:09 | frod · age_up feudal |
| 10:11 | frod · first_building Stable |
| 11:43 | 丁聿昕 · first_building Barracks |
| 13:20 | Rolond · age_up feudal |
| 13:27 | Dr. Hardcore · age_up feudal |
| 13:44 | 丁聿昕 · age_up feudal |
| 14:08 | Rolond · first_building Barracks |
| 14:09 | frod · first_building Archery Range |
| 14:41 | Dr. Hardcore · first_building Barracks |
| 15:57 | 帝国斜阳 · first_building Dock |
| 16:36 | 帝国斜阳 · first_building Barracks |
| 16:39 | 帝国斜阳 · age_up feudal |
| 16:59 | 丁聿昕 · first_building Archery Range |
| 17:18 | 帝国斜阳 · first_building Stable |
| 20:37 | 帝国斜阳 · age_up castle |
| 21:33 | frod · wall_segment Palisade Wall x7 |
| 21:42 | Dr. Hardcore · first_building Archery Range |
| 22:42 | Rolond · first_market_buy 100 food |
| 22:46 | Rolond · first_market_sell 100 stone |
| 23:50 | frod · age_up castle |
| 23:54 | frod · first_building Castle |
| 26:01 | frod · first_building Monastery |
| 26:15 | Rolond · age_up castle |
| 26:34 | Rolond · first_building Monastery |
| 26:40 | 帝国斜阳 · first_building Monastery |
| 26:52 | frod · first_market_sell 100 wood |
| 27:57 | frod · first_building Siege Workshop |
| 28:00 | Dr. Hardcore · age_up castle |
| 28:34 | Rolond · first_building Stable |
| 30:34 | 帝国斜阳 · first_building Castle |
| 32:04 | frod · first_market_buy 100 food |
| 33:22 | Dr. Hardcore · first_building Monastery |
| 33:36 | 丁聿昕 · age_up castle |
| 34:25 | 丁聿昕 · first_building Castle |
| 34:38 | Dr. Hardcore · first_building Castle |
| 34:48 | Rolond · first_building Castle |
| 36:35 | Dr. Hardcore · wall_segment Stone Wall x10 |
| 37:26 | Rolond · first_building Siege Workshop |
| 45:49 | frod · age_up imperial |
[ ANÁLISIS IA · 1 CRÉDITO ]
¿Qué pasó realmente en esta partida?
Wolo.gg analiza cada decisión: build order, eco, micro, errores típicos por bracket. Análisis personalizado por WhatsApp o Discord en 30 segundos.
Guía civ
Vietnamitas
Guía mapa
MegaRandom
Perfil
Jugador #1202239